 Dungeon Crawl Stone Soup version 0.25-a0-464-g3004169c2b (webtiles) character file.

Game seed: 2358345519874107838, levelgen mode: deterministic

588 Emblim88 the Ruffian (level 7, -1/70 HPs)
             Began as a Troll Berserker on Feb 1, 2020.
             Was an Initiate of Okawaru.
             Slain by a polar bear (24 damage)
             ... created by the rage of Trog
             ... on level 4 of the Dungeon on Feb 5, 2020.
             The game lasted 00:07:15 (2800 turns).

Emblim88 the Ruffian (Troll Berserker)              Turns: 2800, Time: 00:07:16

Health: -1/70      AC:  7    Str: 28    XL:     7   Next: 15%
Magic:  7/7        EV: 10    Int:  3    God:    Okawaru [......]
Gold:   123        SH:  0    Dex:  9    Spells: 6/6 levels left

rFire    . . .     SeeInvis .     - Unarmed
rCold    . . .     Gourm    +   (no shield)
rNeg     . . .     Faith    .   a - +0 animal skin
rPois    .         Spirit   .   e - +0 hat
rElec    .         Reflect  .   c - +0 cloak
rCorr    .         Harm     .   (gloves unavailable)
MR       .....                  (boots unavailable)
Stlth    +.........             x - amulet of magic regeneration
HPRegen  0.61/turn              (no ring)
MPRegen  0.35/turn              (no ring)

@: lethally poisoned (-1 -> -2)
A: large, unfitting armour, claws 3, fast metabolism 3, gourmand, regeneration
1, shaggy fur 1, tough skin 3
a: Renounce Religion


You were on level 4 of the Dungeon.
You worshipped Okawaru.
Okawaru was noncommittal.
You were very full.

You visited 1 branch of the dungeon, and saw 4 of its levels.

You collected 123 gold pieces.

Inventory:

Hand Weapons
 y - the +0 scimitar of the Hummingbird {vorpal, SInv}
   (You took it off a crimson imp on level 4 of the Dungeon)

   It inflicts extra damage upon your enemies.
   It lets you see invisible.
Missiles
 g - 13 boomerangs (quivered)
 n - 130 stones
Armour
 a - a +0 animal skin (worn)
 c - a +0 cloak (worn)
 e - a +0 hat (worn)
Jewellery
 x - an amulet of magic regeneration (around neck)
Wands
 z - a wand of paralysis (9)
Scrolls
 d - 3 scrolls of teleportation
 h - a scroll of amnesia {unknown}
 k - a scroll of blinking {unknown}
 q - a scroll of fog {unknown}
 r - a scroll of remove curse
 s - a scroll of immolation
 t - a scroll of fear {unknown}
 u - 2 scrolls of enchant armour {unknown}
 v - a scroll of enchant weapon {unknown}
 B - a scroll of identify {unknown}
Potions
 f - a potion of curing {unknown}
 i - a potion of heal wounds {unknown}
 j - a potion of haste {unknown}
 l - a potion of might {unknown}
 m - a potion of ambrosia {unknown}
 o - a potion of mutation {unknown}
 p - a potion of flight {unknown}
 w - a potion of lignification {unknown}
 A - a potion of degeneration {unknown}
Comestibles
 b - 9 rations


   Skills:
 + Level 4.3 Fighting
 + Level 3.3 Throwing
 - Level 2.4 Dodging
 + Level 5.2 Unarmed Combat
 + Level 1.8 Invocations


You had 6 spell levels left.
You didn't know any spells.
Your spell library contained the following spells:

 Spells                   Type           Power        Failure   Level  Hunger
 Beastly Appendage        Tmut           #.....       52%         1    ##.....
 Summon Small Mammal      Summ           #...         52%         1    ##.....
 Call Imp                 Summ           #.......     67%         2    ###....
 Sticks to Snakes         Tmut           #.......     67%         2    ###....
 Call Canine Familiar     Summ           #.......     88%         3    ####...
 Spider Form              Tmut/Pois      #.........   88%         3    ####...
 Summon Guardian Golem    Hex/Summ       #.......     88%         3    ####...
 Ice Form                 Ice/Tmut       #.......     99%         4    #####..
 Summon Ice Beast         Ice/Summ       #.......     99%         4    #####..
 Summon Lightning Spire   Summ/Air       #.......     99%         4    #####..
 Blade Hands              Tmut           #.........   100%        5    ######.


Dungeon Overview and Level Annotations

Branches:
Dungeon (4/15)
 Temple: D:4-7

Altars:
Ashenzari
Elyvilon
Okawaru
Ru
Trog
Uskayaw
The Shining One

Annotations:
D:4 4 runed translucent doors


Innate Abilities, Weirdness & Mutations

You are too large for most types of armour.
You have claws for hands.
Your metabolism is lightning-fast.
You like to eat raw meat.
Your natural rate of healing is unusually fast.
You are covered in fur. (AC +1)
You have extremely tough skin. (AC +3)


Message History

You are too injured to fight recklessly!
You are too injured to fight recklessly!
Unknown command.
Okay, then.
You claw the scorpion! You claw the scorpion.
You kill the scorpion!
Okawaru accepts your kill. The adder closely misses you.
The polar bear misses you. The polar bear claws you.
The polar bear claws you but does no damage.
The polar bear bites you. The polar bear barely misses you.
The polar bear closely misses you. The adder bites you but does no damage.
You feel sick.
You hear an angry growl.
The adder bites you but does no damage.
The polar bear rages.
The adder bites you.
You are more poisoned.
The adder poisons you! The polar bear bites you!!
You die...

###################
..................## #########
...........######..# #.......#
..........##.[.h##.# #.#####.# #
..........#.####.#.###.# #.# #
..........##.#cSh#.....#####'####
...##++##.'†##h#@#...............
..##8.Z8#####.##.#...............
..#8....8# #=. ?##...............
..#=....!# ## ###...########'###.
..#?....)# ######......#####.# #.
..#8....8# #....##..##.#.....####
#.##8.Z8#######..#..##.#.##.....#
#..##++##.'.#.##.#.###.#.##.....#
..........#..#.#.#[# #....#.....#


You could see 2 polar bears, a centaur and an adder.

Vanquished Creatures
  An ogre (D:4)
  A scorpion (D:4)
  A howler monkey (D:4)
  A crimson imp (D:4)
  A centaur skeleton (D:4)
  2 hounds
  An orc priest (D:3)
  A worker ant (D:4)
  A hound skeleton (D:4)
  9 adders
  A gnoll (D:3)
  A howler monkey skeleton (D:4)
  An ooze (D:4)
  An adder skeleton (D:4)
  2 worms
  A dart slug (D:2)
  2 leopard geckos
  15 orcs
  4 giant cockroaches
  12 hobgoblins
  10 jackals
  10 kobolds
  3 quokkas
  5 bats
  3 frilled lizards (D:4)
  6 goblins
  A jackal skeleton (D:4)
  A leopard gecko skeleton (D:2)
  6 rats
104 creatures vanquished.

Vanquished Creatures (others)
  A dart slug (D:2)
1 creature vanquished.

Grand Total: 105 creatures vanquished

Notes
Turn   | Place    | Note
-------+----------+-------------------------------------------
     0 | D:1      | Emblim88 the Troll Berserker began the quest for the Orb.
     0 | D:1      | Reached XP level 1. HP: 22/22 MP: 0/0
    36 | D:1      | Upgraded the game from 0.25-a0-458-g6fc7858b95 to
                  | 0.25-a0-464-g3004169c2b
   150 | D:1      | Reached XP level 2. HP: 29/29 MP: 1/1
   515 | D:2      | Reached skill level 1 in Throwing
   515 | D:2      | Reached XP level 3. HP: 37/37 MP: 2/2
   717 | D:2      | Reached XP level 4. HP: 39/45 MP: 3/3
   855 | D:2      | Found a white marble altar of Elyvilon.
   922 | D:2      | Reached ** piety under Trog
   925 | D:2      | Reached skill level 4 in Unarmed Combat
   983 | D:2      | Found a glowing golden altar of the Shining One.
  1418 | D:3      | Reached XP level 5. HP: 53/53 MP: 4/4
  1816 | D:3      | Reached *** piety under Trog
  1978 | D:4      | Found a large runed translucent door.
  1979 | D:4      | Found a large runed translucent door.
  1984 | D:4      | Found a large runed translucent door.
  1984 | D:4      | Found a large runed translucent door.
  2058 | D:4      | Found an iron altar of Okawaru.
  2074 | D:4      | Fell from the grace of Trog
  2074 | D:4      | Became a worshipper of Warmaster Okawaru
  2149 | D:4      | Found a sacrificial altar of Ru.
  2197 | D:4      | Reached XP level 6. HP: 61/62 MP: 5/5
  2222 | D:4      | Reached skill level 1 in Invocations
  2275 | D:4      | Identified the +0 scimitar of the Hummingbird {vorpal,
                  | SInv}
  2376 | D:4      | Reached skill level 5 in Unarmed Combat
  2449 | D:4      | Found a shattered altar of Ashenzari.
  2587 | D:4      | Found a bloodstained altar of Trog.
  2589 | D:4      | Reached XP level 7. HP: 70/70 MP: 7/7
  2644 | D:4      | Found a hide-covered altar of Uskayaw.
  2795 | D:4      | Noticed a polar bear
  2795 | D:4      | Noticed a polar bear
  2795 | D:4      | Noticed a polar bear
  2800 | D:4      | Slain by a polar bear

Levels and vault maps discovered:
D:1:      dpeg_arrival_rooms_with_view, layout_rooms
D:2:      layout_basic, tso_altar, elyvilon_altar_4
D:3:      corexii_shack_village, layout_basic, kennysheep_generic_room_3
D:4:      layout_basic, bloody_trog, lemuel_doored_altar, old_standard_altar,
          nicolae_ru_sacrificial_ziggurat, cheibrodos_ashenzari_chains,
          minmay_hollow_rounded_squares

Skill      XL: |  1  2  3  4  5  6 |
---------------+-------------------+-----
Fighting       | 3 4 |  4.3
Throwing       | 1 2 3 |  3.3
Unarmed Combat | 4 5 |  5.2
Invocations    | 1 |  1.8
Dodging        | |  2.4

Action                   |  1- 3 |  4- 6 |  7- 9 || total
-------------------------+-------+-------+-------++-------
Melee: Unarmed           |    57 |   225 |    18 ||   300
       Punch             |     2 |     4 |     1 ||     7
  Use: Scroll            |       |     3 |       ||     3
 Stab: Sleeping          |     1 |       |       ||     1
  Eat: Chunk             |    10 |    18 |     1 ||    29
Armor: Animal skin       |    32 |    74 |     9 ||   115
Dodge: Dodged            |    38 |   108 |    15 ||   161

Table legend:
 A = Non-vault XP
 B = Vault XP
 C = Vault XP percentage of total XP
 D = Non-vault monster count
 E = Vault monster count
 F = Vault count percentage of total count
                 A         B        C        D         E       F
            +---------+---------+-------+---------+---------+-------
      Total |     646 |     195 |  23.2 |      79 |      25 |  24.0
            +---------+---------+-------+---------+---------+-------
        D:1 |      21 |       3 |  12.5 |      13 |       2 |  13.3
        D:2 |     117 |       0 |   0.0 |      17 |       0 |   0.0
        D:3 |     129 |      46 |  26.3 |      28 |      16 |  36.4
        D:4 |     379 |     146 |  27.8 |      21 |       7 |  25.0
            +---------+---------+-------+---------+---------+-------
